 Dungeon Crawl Stone Soup version 0.27.1-3-gb3d3a73c9e (webtiles) character file.

Game seed: 8483202174053618683

519 horus123 the Conjurer (level 7, -5/36 HPs)
             Began as a Deep Elf Conjurer on Oct 15, 2021.
             Was a Follower of Fedhas.
             Slain by a gnoll sergeant (8 damage)
             ... on level 5 of the Dungeon.
             The game lasted 00:10:55 (3294 turns).

horus123 the Conjurer (Deep Elf Conjurer)           Turns: 3294, Time: 00:10:56

Health: -5/36      AC:  4    Str:  4    XL:     7   Next: 1%
Magic:  6/18       EV: 12    Int: 31    God:    Fedhas [*.....]
Gold:   123        SH:  5    Dex: 13    Spells: 7/18 levels left

rFire    . . .     SeeInvis .   k - staff of cold
rCold    + + .     Faith    .   (no shield)
rNeg     . . .     Spirit   .   a - +1 robe
rPois    .         Reflect  +   (no helmet)
rElec    .         Harm     .   l - +0 cloak
rCorr    +         Rampage  .   (no gloves)
Will     .....                  (no boots)
Stlth    ++........             f - amulet of reflection
HPRegen  0.12/turn              p - ring "Feinomell" {rC+ rCorr Int+6}
MPRegen  0.16/turn              (no ring)

@: no status effects
A: no striking features
a: Renounce Religion


You were on level 5 of the Dungeon.
You worshipped Fedhas.
Fedhas was aware of your devotion.
You visited 1 branch of the dungeon, and saw 6 of its levels.

You collected 123 gold pieces.

Inventory:

Hand Weapons
 m - a +2 dagger of venom
Armour
 a - a +1 robe (worn)
 l - a +0 cloak (worn)
Magical Staves
 k - a staff of cold (weapon)
Jewellery
 f - an amulet of reflection (around neck)
 p - the ring "Feinomell" (left hand) {rC+ rCorr Int+6}
   (You acquired it on level 3 of the Dungeon)

   [ring of intelligence]

   Int:       It affects your intelligence (+6).
   rC:        It protects you from cold.
   rCorr:     It protects you from acid and corrosion.
Scrolls
 b - a scroll of teleportation
 e - a scroll of magic mapping
 j - 3 scrolls of identify
 q - 2 scrolls of fear {unknown}
Potions
 d - a potion of attraction {unknown}
 g - a potion of cancellation {unknown}
 h - 2 potions of heal wounds {unknown}
 i - 2 potions of curing
 n - a potion of resistance {unknown}
 o - a potion of ambrosia {unknown}


   Skills:
 + Level 2.8 Dodging
 + Level 3.9 Stealth
 + Level 0.1 Shields
 + Level 6.0 Spellcasting
 + Level 6.6 Conjurations
 * Level 3.9 Hexes


You had 7 spell levels left.
You knew the following spells:

 Your Spells              Type           Power      Damage    Failure   Level
a - Magic Dart            Conj           100%       1d8       1%          1
b - Searing Ray           Conj           100%       3d7       1%          2
c - Fulminant Prism       Conj/Hex       21%        3d13      5%          4
d - Iskenderun's Mystic   Conj/Tloc      29%        2d7       13%         4

Your spell library contained the following spells:

 Spells                   Type           Power      Damage    Failure   Level
 Dazzling Flash           Conj/Hex       84%        N/A       1%          3
 Gell's Gravitas          Tloc           4%         N/A       14%         3
 Lesser Beckoning         Tloc           4%         N/A       14%         3
 Teleport Other           Tloc           9%         N/A       14%         3


Dungeon Overview and Level Annotations

Branches:
Dungeon (6/15)
 Temple: D:4-7

Altars:
Fedhas
Kikubaaqudgha
Xom

Shops:
D:1 :!*


Message History

Press: ? - help, Shift-Dir - straight line, f/p - phantom
Aim: a phantom (heavily damaged, 76% to hit)
The searing ray misses the phantom. (Press . to maintain the ray.)
The phantom hits you.
* * * LOW HITPOINT WARNING * * *
The searing ray hits the phantom.
The phantom is severely damaged.
You block the phantom's attack.
The searing ray hits the phantom!
You destroy the phantom!
Fedhas accepts your kill.
Your Hexes skill increases to level 3!
You have reached level 7!
You start resting.
A gnoll sergeant comes into view. It is wielding a +3 trident of flaming.
A gnoll sergeant is nearby!
A phantom comes into view.
You closely miss the phantom.
A shadow imp comes into view.
The phantom hits you.
As you read the scroll of teleportation, it crumbles to dust.
You feel strangely unstable.
The shadow imp shouts, "Get thee hence, thou frothy shard-borne pimple!"
You hear a shout!
The phantom hits you.
* * * LOW HITPOINT WARNING * * *
The phantom blinks!
You blink.
Found a stone staircase leading up.
The phantom barely misses you.
Your surroundings suddenly seem different. 3 gnolls come into view.
The gnoll shouts!
The gnoll sergeant closely misses you.
You feel better.
The gnoll throws a throwing net.
The throwing net barely misses you.
The gnoll sergeant hits you with a +3 trident of flaming!
* * * LOW HITPOINT WARNING * * *
The gnoll sergeant burns you!
You die...
Fedhas appreciates your contribution to the ecosystem.

#......#
#......#
#......#
##...#.###
###........#
#..(...#.##.#
.##......# .#
##.......# .#
#...@g5..# #
#........#
#.......##
#......#.#
#......g.#
#...<...g#
##))g!.#.#
.......##
#)#....#


You could see a gnoll sergeant, 3 gnolls and a shadow imp.

Vanquished Creatures
  An ice beast (D:6)
  2 phantoms (D:5)
  A howler monkey (D:5)
  Crazy Yiuf (D:2)
  Jessica (D:3)
  Terence (D:3)
  An iguana (D:5)
  A hound zombie (D:5)
  A gnoll (D:1)
  3 adders
  2 worms
  A dart slug (D:1)
  8 orcs
  4 ball pythons
  5 bats
  2 endoplasms
  10 goblins
  7 hobgoblins
  2 jackals (D:1)
  5 kobolds
  A quokka (D:1)
  2 frilled lizards (D:2)
  5 rats
67 creatures vanquished.

Vanquished Creatures (others)
  A fulminant prism (D:5)
  2 plants (D:5)
3 creatures vanquished.

Grand Total: 70 creatures vanquished

Notes
Turn   | Place    | Note
-------+----------+-------------------------------------------
     0 | D:1      | horus123 the Deep Elf Conjurer began the quest for the Orb.
     0 | D:1      | Reached XP level 1. HP: 10/10 MP: 6/6
   148 | D:1      | Reached XP level 2. HP: 15/15 MP: 6/8
   151 | D:1      | Learned a level 2 spell: Searing Ray
   168 | D:1      | Found Juifofyd's Assorted Antiques.
   238 | D:1      | Reached skill level 5 in Conjurations
   493 | D:1      | Found Fiwkozeh's Book Shoppe.
   497 | D:1      | Reached XP level 3. HP: 19/19 MP: 6/9
   501 | D:1      | Learned a level 3 spell: Dazzling Flash
   754 | D:1      | Found a faded altar of an unknown god.
   868 | D:1      | Found Codwenia's Distillery.
  1134 | D:2      | Found a blossoming altar of Fedhas.
  1150 | D:2      | Became a worshipper of Fedhas Madash
  1765 | D:2      | Found a runed translucent door.
  1766 | D:2      | Noticed Crazy Yiuf
  1909 | D:2      | Killed Crazy Yiuf
  1910 | D:2      | Reached XP level 4. HP: 24/24 MP: 7/11
  2000 | D:3      | Noticed Jessica
  2002 | D:3      | Killed Jessica
  2010 | D:3      | Learned a level 4 spell: Fulminant Prism
  2015 | D:3      | Learned a level 4 spell: Iskenderun's Mystic Blast
  2041 | D:3      | Found a shimmering altar of Xom.
  2198 | D:3      | Noticed Terence
  2204 | D:3      | Killed Terence
  2205 | D:3      | Reached skill level 1 in Hexes
  2205 | D:3      | Reached XP level 5. HP: 20/28 MP: 5/13
  2687 | D:3      | Found an ancient bone altar of Kikubaaqudgha.
  2710 | D:3      | Identified a scroll of acquirement
  2710 | D:3      | Acquired the ring "Feinomell" {rC+ rCorr Int+6}
  2844 | D:4      | You fall into a shaft and drop 2 floors!
  2934 | D:6      | Noticed an ice beast
  2942 | D:6      | Killed an ice beast
  2943 | D:6      | Reached skill level 5 in Spellcasting
  2943 | D:6      | Reached XP level 6. HP: 32/32 MP: 6/15
  3032 | D:5      | Entered Level 5 of the Dungeon
  3158 | D:5      | Reached * piety under Fedhas
  3258 | D:5      | Reached XP level 7. HP: 9/36 MP: 0/18
  3294 | D:5      | Slain by a gnoll sergeant

Illustrated notes

Levels and vault maps discovered:
D:1:      amcnicky_arrival_gap_in_the_tavern_cellar, layout_rooms,
          dreamdust_ecumenical_altar_angels_and_demons, serial_shops, shop,
          shop, shop, grunt_decor_mini_mirrors
D:2:      layout_rooms, basic_altar, uniq_crazy_yiuf_cottage
D:3:      layout_basic, mainiacjoe_overflow_alcove_1,
          mainiacjoe_overflow_boulevard, uniq_terence, uniq_jessica
D:4:      layout_cave_pods, gammafunk_ghost_necromancy
D:5:      wad_river_or_something, layout_rooms,
          minmay_temple_entry_antechambers, sigmund_edmund_badplayer
D:6:      layout_basic, nicolae_shop_gadgets

Skill      XL: |  1  2  3  4  5  6 |
---------------+-------------------+-----
Conjurations   | 5 6 |  6.6
Stealth        | 3 |  3.9
Spellcasting   | 4 5 6 |  6.0
Hexes          | 1 2 3 |  3.9
Dodging        | |  2.8
Shields        | |  0.1

Action                   |  1- 3 |  4- 6 |  7- 9 || total
-------------------------+-------+-------+-------++-------
Melee: Staff             |       |     1 |     1 ||     2
 Cast: Magic Dart        |    49 |    56 |       ||   105
       Searing Ray       |    12 |    12 |       ||    24
       Fulminant Prism   |       |     1 |       ||     1
  Use: Scroll            |     7 |     3 |     1 ||    11
       Potion            |       |     1 |     1 ||     2
Armor: Robe              |     1 |     2 |       ||     3
Dodge: Dodged            |     7 |    10 |     3 ||    20
Block: Other             |     3 |     2 |       ||     5
